AoeStats
← AGE OF AI

Arabia

509353456Analyzed
3v3 RM · 7d ago on Sep 26, 2026· 50m 18s· 6 players
Game mode
Random Map
Map size
Normal (6 player)
Population
200
Speed
Normal
Resources
Standard
Victory
Conquest
Starting age
Dark Age
Ending age
Imperial Age
RankedLock teamsTeams togetherTeam positionsShared explorationLock speedFull tech treeHidden civsTurbo modeCheats
Victory
Defeat
🇳🇱 Hindustanis · Netherlands
1040
+15
🇳🇱 Bengalis · Netherlands
1017
+16
🇳🇱 Spanish · Netherlands
999
+17
🇩🇰 Tupi · Denmark
1023
-16
🇦🇷 Turks · Argentina
1019
-16
🇦🇷 Burgundians · Argentina
1013
-16
Guemes
4:17 Double-Bit Axe
8:26 Loom
10:46 Feudal Age
13:03 Horse Collar
14:19 Forging
18:05 Scale Barding Armor
19:07 Bow Saw
19:38 Gold Mining
23:58 Castle Age
23:46 Gold Shaft Mining
24:06 Cavalier
25:38 Iron Casting
27:03 Chain Barding Armor
27:36 Husbandry
30:02 Wheelbarrow
36:32 Hand Cart
36:47 Stone Mining
37:17 Town Watch
38:32 Heavy Plow
44:06 Imperial Age
44:29 Paladin
46:07 Conscription
45:55 Burgundian Vineyards
45:11 Elite Coustillier
47:05 Blast Furnace
47:06 Plate Barding Armor
MrBubbles
8:35 Loom
11:22 Feudal Age
11:40 Champi Runner
12:30 Double-Bit Axe
12:49 Arson
14:07 Forging
14:42 Horse Collar
17:56 Stone Mining
17:59 Gold Mining
21:21 Wheelbarrow
23:55 Castle Age
22:05 Fletching
22:31 Stone Mining
24:25 Padded Archer Armor
24:26 Scale Mail Armor
24:35 Crossbowman
27:07 Hand Cart
26:49 Bodkin Arrow
30:56 Squires
31:11 Heavy Plow
31:28 Bow Saw
31:54 Gold Shaft Mining
31:44 Hand Cart
33:55 Leather Archer Armor
33:17 Champi Warrior
37:15 Elite Skirmisher
41:01 Imperial Age
40:28 Chain Mail Armor
41:08 Iron Casting
41:08 Capped Ram
45:05 Ballistics
Pompi94
6:47 Loom
11:09 Feudal Age
15:44 Forging
22:41 Castle Age
21:26 Gold Mining
21:27 Horse Collar
21:55 Double-Bit Axe
22:43 Bloodlines
23:25 Husbandry
27:13 Scale Barding Armor
27:10 Scale Mail Armor
29:09 Squires
30:39 Fletching
32:14 Iron Casting
33:36 Wheelbarrow
36:22 Hand Cart
39:28 Imperial Age
38:53 Chain Mail Armor
39:31 Stone Mining
39:44 Heavy Plow
40:06 Chain Barding Armor
41:54 Heavy Camel Rider
42:29 Town Watch
43:15 Bow Saw
45:25 Gold Shaft Mining
45:21 Heavy Camel Rider
47:47 Blast Furnace
47:18 Plate Mail Armor
49:07 Conscription
50:11 Elite Janissary
julian
6:28 Loom
9:57 Feudal Age
11:20 Double-Bit Axe
15:50 Castle Age
24:59 Horse Collar
28:09 Bloodlines
29:16 Husbandry
32:52 Bow Saw
33:01 Scale Barding Armor
35:38 Forging
42:31 Imperial Age
41:49 Iron Casting
42:58 Heavy Plow
43:57 Heavy Camel Rider
44:47 Gold Mining
Ryu
10:27 Loom
12:12 Feudal Age
16:48 Castle Age
16:12 Double-Bit Axe
21:45 Gold Mining
25:27 Wheelbarrow
28:13 Forging
28:09 Scale Barding Armor
29:49 Iron Casting
30:33 Bloodlines
30:23 Husbandry
31:08 Husbandry
31:19 Bloodlines
35:00 Imperial Age
32:49 Horse Collar
33:03 Stone Mining
35:01 Cavalier
37:59 Blast Furnace
37:20 Chain Barding Armor
40:22 Paladin
49:15 Plate Barding Armor
AGE OF AI
2:03 Loom
10:33 Feudal Age
18:47 Double-Bit Axe
23:23 Castle Age
21:47 Fletching
21:58 Padded Archer Armor
23:00 Gold Mining
22:54 Horse Collar
24:44 Bodkin Arrow
25:05 Leather Archer Armor
30:12 Leather Archer Armor
30:30 Town Watch
32:43 Wheelbarrow
32:35 Stone Mining
32:21 Elite Skirmisher
34:37 Gold Shaft Mining
36:41 Hand Cart
39:34 Imperial Age
38:27 Scale Barding Armor
38:48 Ballistics
39:59 Bow Saw
40:26 Bracer
41:31 Elite Elephant Archer
45:13 Ring Archer Armor
Connection lost

Rejoining the realm…

Still unreachable

The connection could not be restored.

Session expired

The server has moved on; the page needs a fresh start.